 Dungeon Crawl Stone Soup version 0.31-a0-38-g1548c4f2a5 (webtiles) character file.

Game seed: 15255780452053025269

72 frimble the Slasher (level 4, -2/35 (38) HPs)
             Began as a Gnoll Reaver on May 16, 2023.
             Was an Initiate of Cheibriados.
             Killed from afar by a white imp (3 damage)
             ... with a puff of frost
             ... on level 6 of the Dungeon.
             The game lasted 00:02:18 (1745 turns).

frimble the Slasher (Gnoll Reaver)                  Turns: 1745, Time: 00:02:19

HP:   -2/35 (38)    AC:  3    Str: 12 (13) XL:     4   Next: 26%
MP:   11/11         EV: 12    Int: 13 (15) God:    Cheibriados [......]
Gold: 142           SH:  0    Dex:  8 (11) Spells: 12/13 levels left

rFire   + . .        a - +0 falchion
rCold   + . .        (no shield)
rNeg    . . .        b - +0 leather armour
rPois   .            (no helmet)
rElec   .            (no cloak)
rCorr   .            (no gloves)
SInv    .            (no boots)
Will    .....        (no amulet)
Stlth   +            (no ring)
HPRegen 0.25/turn    (no ring)
MPRegen 0.12/turn

%: no passive effects
@: hasted, drained, quick
A: fangs 1, strong nose, distributed training, cold resistance 1, fire
resistance 1
a: Renounce Religion


You were on level 6 of the Dungeon.
You worshipped Cheibriados.
Cheibriados was noncommittal.
You visited 2 branches of the dungeon, and saw 5 of its levels.

You collected 142 gold pieces.

Inventory:

Hand Weapons
 a - a +0 falchion (weapon)
Missiles
 j - 4 javelins (quivered)
Armour
 b - a +0 leather armour (worn)
Scrolls
 f - 2 scrolls of enchant armour
 i - a scroll of enchant weapon
Potions
 c - a potion of lignification {unknown}
 g - a potion of curing
 h - 3 potions of degeneration
 k - a potion of ambrosia {unknown}
 l - a potion of berserk rage {unknown}
 m - a potion of haste
 n - a potion of mutation


   Skills:
 + Level 4.6 Fighting
 + Level 1.1 Short Blades
 + Level 6.6 Long Blades
 + Level 1.1 Axes
 + Level 1.1 Maces & Flails
 + Level 1.1 Polearms
 + Level 1.1 Staves
 + Level 1.1 Ranged Weapons
 + Level 1.1 Throwing
 + Level 1.1 Armour
 + Level 4.6 Dodging
 + Level 1.1 Stealth
 + Level 1.1 Shields
 + Level 1.1 Unarmed Combat
 + Level 5.1 Spellcasting
 + Level 5.4 Conjurations
 + Level 0.9 Hexes
 + Level 0.9 Summonings
 + Level 0.9 Necromancy
 + Level 0.9 Translocations
 + Level 0.9 Transmutations
 + Level 0.9 Fire Magic
 + Level 0.9 Ice Magic
 + Level 0.9 Air Magic
 + Level 0.9 Earth Magic
 + Level 0.9 Poison Magic
 + Level 1.2 Invocations
 + Level 1.1 Evocations


You had 12 spell levels left.
You knew the following spells:

 Your Spells              Type           Power      Damage    Failure   Level
a - Kiss of Death         Conj/Necr      44%        2d8       6%          1

Your spell library contained the following spells:

 Spells                   Type           Power      Damage    Failure   Level
 Momentum Strike          Conj/Tloc      22%        3d8       10%         2
 Hailstorm                Conj/Ice       11%        3d5       19%         3


Dungeon Overview and Level Annotations

Branches:
Dungeon (6/15)             Temple (1/1) D:6

Altars:
Ashenzari
Cheibriados
Dithmenos
Elyvilon
Gozag
Hepliaklqana
Nemelex Xobeh
Okawaru
Ru
Trog
Vehumet
Wu Jian
Yredelemnul
The Shining One


Innate Abilities, Weirdness & Mutations

You have very sharp teeth.
Your uncanny sense of smell can sniff out nearby items.
Your experience applies equally to all skills.
Your flesh is cold resistant. (rC+)
Your flesh is heat resistant. (rF+)


Message History

You feel very sick. The water moccasin bites you.
It was a potion of curing.
You feel better. The water moccasin closely misses you.
The water moccasin misses you.
Your surroundings suddenly seem different.
A black bear, a white imp and an iguana come into view.
Found a shadowy altar of Dithmenos.
The black bear growls angrily.
The white imp shouts!
As you read the scroll of teleportation, it crumbles to dust.
You feel strangely unstable. The black bear misses you.
The black bear claws you. The black bear barely misses you.
A howler monkey comes into view.
Your surroundings seem slightly different.
The black bear closely misses you. x2; The black bear claws you.
The howler monkey moves out of view.
It was a potion of degeneration.
There was something very wrong with that liquid.
You feel weakened.
You feel dopey.
You feel clumsy. The iguana bites you. The white imp hits you.
* * * LOW HITPOINT WARNING * * *
The white imp freezes you.
* * * LOW HITPOINT WARNING * * *
The black bear barely misses you. The black bear closely misses you.
The black bear barely misses you.
Okay, then.
It was a potion of haste.
You feel yourself speed up.
Cheibriados forgives your accidental hurry, just this once.
The iguana bites you.
* * * LOW HITPOINT WARNING * * *
The white imp closely misses you. The black bear closely misses you.
The black bear completely misses you. The black bear claws you.
* * * LOW HITPOINT WARNING * * *
It was a potion of mutation.
You feel extremely strange.
You feel resistant to cold.
You feel resistant to heat. The iguana barely misses you.
The white imp laughs crazily.
The white imp gestures at you. The puff of frost hits you. You resist.
You die... h

...# .PPP.P..#
.....P..#
.._..P..#
.....P..#
.PPP.P..####
...........#
PPPPPPP.....##
.......@.....#
......l5h....#
.#........####
..........#
..........#
..........#
...##.....#
♣... ..#
###...# ♣...
#...# ♣...


You could see a black bear, an iguana and a white imp.

Vanquished Creatures
  An adder (D:2)
  2 worms (D:2)
  5 bats
  5 endoplasms
  4 giant cockroaches
  3 goblins
  9 hobgoblins
  4 jackals (D:3)
  5 kobolds
  A quokka (D:1)
  7 ball pythons
  2 frilled lizards (D:2)
  2 rats (D:1)
50 creatures vanquished.

Notes
Turn   | Place    | Note
-------+----------+-------------------------------------------
     0 | D:1      | frimble the Gnoll Reaver began the quest for the Orb.
     0 | D:1      | Reached XP level 1. HP: 20/20 MP: 6/6
   148 | D:1      | Reached XP level 2. HP: 26/26 MP: 7/7
   620 | D:1      | Reached skill level 5 in Spellcasting
   620 | D:1      | Reached XP level 3. HP: 27/31 MP: 7/9
   946 | D:2      | Reached skill level 1 in Invocations
  1124 | D:2      | Reached skill level 1 in Short Blades
  1124 | D:2      | Reached skill level 1 in Axes
  1124 | D:2      | Reached skill level 1 in Maces & Flails
  1124 | D:2      | Reached skill level 1 in Polearms
  1124 | D:2      | Reached skill level 1 in Staves
  1124 | D:2      | Reached skill level 1 in Ranged Weapons
  1124 | D:2      | Reached skill level 1 in Throwing
  1124 | D:2      | Reached skill level 1 in Armour
  1124 | D:2      | Reached skill level 1 in Stealth
  1124 | D:2      | Reached skill level 1 in Shields
  1124 | D:2      | Reached skill level 1 in Unarmed Combat
  1124 | D:2      | Reached skill level 1 in Evocations
  1220 | D:2      | Identified the staff of conjuration "Huhuycw" {rElec}
  1296 | D:2      | Reached XP level 4. HP: 31/34 MP: 11/11
  1338 | D:2      | Found a faded altar of an unknown god.
  1614 | D:3      | You fall into a shaft and drop 3 floors!
  1615 | D:6      | Noticed a sky beast
  1625 | D:6      | Found a staircase to the Ecumenical Temple.
  1640 | Temple   | Entered the Ecumenical Temple
  1702 | Temple   | Became a worshipper of Cheibriados the Contemplative
  1729 | D:6      | Noticed a water moccasin
  1738 | D:6      | Found a shadowy altar of Dithmenos.
  1738 | D:6      | Noticed a black bear
  1744 | D:6      | HP: 1/35 [black bear (4)]
  1745 | D:6      | Gained mutation: Your flesh is cold resistant. (rC+)
                  | [potion of mutation]
  1745 | D:6      | Gained mutation: Your flesh is heat resistant. (rF+)
                  | [potion of mutation]
  1745 | D:6      | Killed from afar by a white imp

Illustrated notes

Levels and vault maps discovered:
D:1:      matt_arrival_refuge, layout_loops_ring, hex_large,
          minmay_shallow_snake_nest
D:2:      layout_rooms, shapermc_ecumenical_altar_venn
D:3:      layout_loops_ring, amcnicky_altar_gilded, cheibrodos_sewer_entry_bend
D:6:      layout_cave_pools, mainiacjoe_overflow_cross_hatched,
          minmay_temple_entry_statues_pillars, kennysheep_path_1,
          dk_rats_in_the_wall
Temple:   dshaligram_water_room_temple

Skill      XL: |  1  2  3 |
---------------+----------+-----
Spellcasting   | 5 |  5.1
Invocations    | 1 |  1.2
Short Blades   | 1 |  1.1
Axes           | 1 |  1.1
Maces & Flails | 1 |  1.1
Polearms       | 1 |  1.1
Staves         | 1 |  1.1
Ranged Weapons | 1 |  1.1
Throwing       | 1 |  1.1
Armour         | 1 |  1.1
Stealth        | 1 |  1.1
Shields        | 1 |  1.1
Unarmed Combat | 1 |  1.1
Evocations     | 1 |  1.1
Fighting       | |  4.6
Long Blades    | |  6.6
Dodging        | |  4.6
Conjurations   | |  5.4
Hexes          | |  0.9
Summonings     | |  0.9
Necromancy     | |  0.9
Translocations | |  0.9
Transmutations | |  0.9
Fire Magic     | |  0.9
Ice Magic      | |  0.9
Air Magic      | |  0.9
Earth Magic    | |  0.9
Poison Magic   | |  0.9

Action                     |  1- 3 |  4- 6 || total
---------------------------+-------+-------++-------
  Melee: Falchion          |   143 |    38 ||   181
         Bite              |    14 |     1 ||    15
         Punch             |     4 |       ||     4
  Throw: Javelin           |       |     1 ||     1
   Cast: Kiss of Death     |     1 |       ||     1
    Use: Scroll            |     2 |     5 ||     7
         Potion            |       |     4 ||     4
   Stab: Sleeping          |     1 |       ||     1
 Armour: Leather armour    |    49 |    13 ||    62
  Dodge: Dodged            |   108 |    46 ||   154

Table legend: (Time is in decaauts)
 A = Elapsed time spent in this place.
 B = Non-inter-level travel time spent in this place.
 C = Inter-level travel time spent in this place.
 D = Time resting spent in this place.
 E = Time spent auto-exploring this place.
 F = Levels seen in this place.
 G = Mean time per level.
                   A        B        C        D        E       F      G
               +--------+--------+--------+--------+--------+-----+--------+
         Total |   1749 |   1663 |     86 |      0 |   1255 |   5 |  349.8 |
       Dungeon |   1666 |   1600 |     66 |      0 |   1212 |   4 |  416.5 |
        Temple |     83 |     63 |     20 |      0 |     43 |   1 |   83.0 |
               +--------+--------+--------+--------+--------+-----+--------+

Top non-repeatable levels by time:
     D:1: 888 daAuts
     D:2: 600 daAuts
     D:3: 119 daAuts
  Temple: 83 daAuts
     D:6: 58 daAuts
